 Dungeon Crawl Stone Soup version 0.25-a0-246-g58704a1ebd (webtiles) character file.

Game seed: 13784869618667417123, levelgen mode: deterministic

55 sanka the Firebug (level 3, -5/19 HPs)
             Began as a Deep Elf Fire Elementalist on Dec 3, 2019.
             Killed from afar by an orc wizard (6 damage)
             ... with a magic dart
             ... on level 3 of the Dungeon.
             The game lasted 00:04:38 (1180 turns).

sanka the Firebug (Deep Elf Fire Elementalist)      Turns: 1180, Time: 00:04:39

Health: -5/19      AC:  3    Str:  5    XL:     3   Next: 67%
Magic:  2/10       EV: 18    Int: 20    God:
Gold:   34         SH:  0    Dex: 20    Spells: 2/9 levels left

rFire    + . .     SeeInvis .   m - +0 short sword
rCold    + . .     Gourm    .   (no shield)
rNeg     . . .     Faith    .   a - +0 robe
rPois    +         Spirit   .   j - +0 helmet
rElec    +         Reflect  .   (no cloak)
rCorr    +         Harm     .   (no gloves)
MR       .....                  (no boots)
Stlth    +++.......             (no amulet)
HPRegen  0.06/turn              (no ring)
MPRegen  0.12/turn              (no ring)

@: agile, lethally poisoned (-5 -> -16), resistant, flying
A: no striking features
a: no special abilities


You were on level 3 of the Dungeon.
You were not hungry.

You visited 1 branch of the dungeon, and saw 3 of its levels.

You collected 34 gold pieces.


   Skills:
 - Level 2.4 Dodging
 - Level 2.4 Stealth
 + Level 3.7 Spellcasting
 * Level 2.5 Conjurations
 * Level 4.1 Fire Magic


You had 2 spell levels left.
You knew the following spells:

 Your Spells              Type           Power        Failure   Level  Hunger
x - Inner Flame           Hex/Fire       ##......     17%         3    ###....
z - Foxfire               Conj/Fire      ###.         3%          1    None
Z - Conjure Flame         Conj/Fire      ###.....     10%         3    ###....

Your spell library contained the following spells:

 Spells                   Type           Power        Failure   Level  Hunger
 Sticky Flame             Conj/Fire      ###.....     32%         4    ####...
 Fireball                 Conj/Fire      ###.......   67%         5    ######.

Inventory:

Hand Weapons
 m - a +0 short sword (weapon)
Missiles
 d - 18 poisoned darts (quivered)
Armour
 a - a +0 robe (worn)
 j - a +0 helmet (worn)
Scrolls
 b - a scroll of enchant armour {unknown}
 f - a scroll of blinking {unknown}
 i - 3 scrolls of identify {unknown}
 k - a scroll of magic mapping {unknown}
 l - a scroll of remove curse {unknown}
 n - a scroll of amnesia {unknown}
Potions
 g - a potion of agility
 h - a potion of resistance
Comestibles
 c - a ration

Dungeon Overview and Level Annotations

Branches:
Dungeon (2/15)

Altars:

^ £%... . )... ▒.
... ▒.▒ ..
▒..▒▒)▒▒ ▒(..†.▒
▒†..▒ ▒.▒..▒ ▒e▒
.▒
.▒▒▒▒▒▒▒▒▒B▒▒.▒..
..................
▒▒▒▒▒▒.▒.▒▒...▒▒▒
▒▒..▒..▒▒▒.▒
▒.▒.▒.▒.▒ ▒
▒▒.▒.▒.▒.▒ ▒▒▒▒▒
▒.▒▒.▒.▒ .
▒...▒▒▒▒.▒▒.▒.▒ .▒


You could see a worker ant.


Message History

Deactivating autopickup; reactivate with Ctrl-A.
The worker ant bites you.
You are lethally poisoned!
The worker ant poisons you!
Unknown command.
It was a potion of flight.
You feel very buoyant.
You fly up into the air.
* * * LOW HITPOINT WARNING * * *
You feel sick. The worker ant completely misses you.
You miss something.
You feel less confused.
* * * LOW HITPOINT WARNING * * *
You feel sick. The worker ant barely misses you.
You hear some strange, mumbled words.
A magic dart appears from out of thin air!
The magic dart hits you.
* * * LOW HITPOINT WARNING * * *
Unknown command.
Okay, then.
Casting: Foxfire (safe; 3% risk of failure)
Confirm with . or Enter, or press ? or * to list all spells.
Nothing appears to happen.
* * * LOW HITPOINT WARNING * * *
You feel sick. The worker ant bites you.
* * * LOW HITPOINT WARNING * * *
You hear some strange, mumbled words.
A magic dart appears from out of thin air!
The magic dart hits you.
You die...

Action                   || total
-------------------------++-------
Melee: Short sword       ||     1
 Cast: Foxfire           ||    58
  Use: Potion            ||     3
  Eat: Chunk             ||     1
Armor: Robe              ||     1
Dodge: Dodged            ||    12

Levels and vault maps discovered:
D:1:      matt_arrival_refuge, layout_basic, st_stairs_10
D:2:      layout_loops_ring, chequers_serial_rivers_small_3,
          grunt_decor_clamped, grunt_gozag_breadcrumbs
D:3:      layout_rooms, first_ration, roderic_batcave, interstate_on_off

Notes
Turn   | Place    | Note
-------+----------+-------------------------------------------
     0 | D:1      | sanka the Deep Elf Fire Elementalist began the quest for
                  | the Orb.
     0 | D:1      | Reached XP level 1. HP: 10/10 MP: 6/6
   179 | D:1      | Reached XP level 2. HP: 15/15 MP: 6/8
   309 | D:1      | Reached skill level 2 in Conjurations
   467 | D:1      | Reached XP level 3. HP: 19/19 MP: 6/9
   964 | D:2      | Learned a level 3 spell: Conjure Flame
   968 | D:2      | Learned a level 3 spell: Inner Flame
  1068 | D:2      | Reached skill level 4 in Fire Magic
  1177 | D:3      | Identified 2 potions of resistance
  1180 | D:3      | HP: 1/19 [worker ant (2)]
  1180 | D:3      | Killed from afar by an orc wizard

Vanquished Creatures
  An adder (D:3)
  2 dart slugs
  3 leopard geckos
  An orc (D:3)
  3 bats
  A giant cockroach (D:1)
  8 goblins
  4 hobgoblins (D:1)
  3 kobolds (D:1)
  2 quokkas (D:2)
  2 frilled lizards
  3 rats (D:1)
33 creatures vanquished.

Vanquished Creatures (others)
  84 foxfires
84 creatures vanquished.

Grand Total: 117 creatures vanquished
